 Dungeon Crawl Stone Soup version 0.31.0-7-gf635a9b802 (webtiles) character file.

Game seed: 15596310096847005578

1071 Xavori the Slasher (level 8, 0/63 HPs)
             Began as a Djinni Chaos Knight on Jan 23, 2024.
             Was a Plaything of Xom.
             Slain by a wight
             ... wielding a +0 falchion
              (8 damage)
             ... on level 7 of the Dungeon.
             The game lasted 00:06:40 (8055 turns).

Xavori the Slasher (Djinni Chaos Knight)            Turns: 8055, Time: 00:06:40

Health: 0/63       AC:  8    Str: 15    XL:     8   Next: 53%
Gold:   100        EV: 13    Int: 14    God:    Xom [*.....] SH:  0 Dex: 13

rFire   + + .        o - +5 scimitar (freeze)
rCold   x . .        (no shield)
rNeg    . . .        k - +2 robe of Fuanij {Archmagi}
rPois   ∞            (helmet restricted)
rElec   .            (no cloak)
rCorr   .            t - +0 pair of gloves
SInv    .            (boots unavailable)
Will    +....        j - amulet of faith
Stlth   +            A - ring of willpower
HPRegen 0.30/turn    (no ring)
MPRegen 0.00/turn

%: faith, archmagi, infuse magic (-1 HP)
@: confused, about to teleport, ambrosia-drunk, flying
A: sickness immunity, fire resistance 2, cold vulnerability 1, float, innate
caster, HP casting, extra vitality 1, horns 1, iridescent scales 2, deformed
body, robust 1, strong 1
a: Renounce Religion


You were on level 7 of the Dungeon.
You worshipped Xom.
You were a special plaything of Xom.
You visited 1 branch of the dungeon, and saw 5 of its levels.
You also visited: Ossuary.

You collected 225 gold pieces.
You spent 125 gold pieces at shops.

Inventory:

Hand Weapons
 o - a +5 scimitar of freezing (weapon)
Armour
 b - a +2 leather armour
 f - a +0 helmet
 k - the +2 robe of Fuanij (worn) {Archmagi}
   (You found it on level 2 of the Dungeon)

   Archmagi:  It increases the power of your magical spells.
 t - a +0 pair of gloves (worn)
Jewellery
 j - an amulet of faith (around neck)
 A - a ring of willpower (left hand)
Scrolls
 a - a scroll of revelation {unknown}
 c - a scroll of butterflies
 d - 3 scrolls of fog
 g - 4 scrolls of vulnerability
 h - a scroll of immolation
 p - 2 scrolls of fear
 q - a scroll of teleportation
 r - 4 scrolls of amnesia
 x - a scroll of summoning {unknown}
 y - 2 scrolls of identify
Potions
 e - a potion of cancellation {unknown}
 i - a potion of berserk rage {unknown}
 l - a potion of mutation {unknown}
 m - a potion of magic {unknown}
 n - 2 potions of attraction {unknown}
 s - a potion of ambrosia
 u - a potion of invisibility {unknown}
 v - 2 potions of lignification {unknown}
 w - 4 potions of curing {unknown}
 z - a potion of enlightenment {unknown}


   Skills:
 + Level 4.8 Fighting
 + Level 6.1 Long Blades
 + Level 3.2 Armour
 + Level 4.9 Dodging
 * Level 2.2 Spellcasting
 * Level 2.2 Conjurations
 * Level 2.2 Hexes
 * Level 2.2 Summonings
 * Level 2.2 Necromancy
 * Level 2.2 Translocations
 * Level 2.2 Fire Magic
 * Level 2.2 Ice Magic
 * Level 2.2 Air Magic
 * Level 2.2 Earth Magic
 * Level 2.2 Alchemy


You knew the following spells:

 Your Spells              Type           Power      Damage    Failure   Level
a - Apportation           Tloc           22%        N/A       9%          1
b - Scorch                Fire           22%        2d5       14%         2
c - Dazzling Flash        Conj/Hex       22%        N/A       26%         3
Your spell library was empty.

Dungeon Overview and Level Annotations

Branches:
Dungeon (7/15)             Temple (0/1) D:6         Ossuary (visited)

Altars:
Qazlal
Xom
The Shining One

Shops:
D:2 (*!?


Innate Abilities, Weirdness & Mutations

You are immune to sickness and miasma.
You are immune to poison.
Your flesh is very heat resistant. (rF++)
You are vulnerable to cold. (rC-)
You float through the air rather than walking.
You learn spells naturally, not from books.
Your magical power is your life essence.
You have superior vitality. (+4 MHP)
You have a pair of small horns on your head.
You are mostly covered in iridescent scales. (AC +4)
Armour fits poorly on your strangely shaped body.
You are robust. (+10% HP)
Your muscles are strong. (Str +4, Int/Dex -1)


Message History

Your ufetubus dies!
Your ufetubus disappears in a puff of smoke!
You slash the black bear! You freeze the black bear.
You kill the black bear!
Your Long Blades skill increases to level 6!
You closely miss the wight.
The wight is lightly damaged.
The wight misses you.
Unknown command.
You barely miss the wight. You punch the wight.
The wight is lightly damaged.
The wight hits you with a +0 falchion.
* * * LOW HITPOINT WARNING * * *
The wight misses you.
You hit the wight but do no damage. Your headbutt misses the wight.
The wight is lightly damaged.
The wight hits you with a +0 falchion.
* * * LOW HITPOINT WARNING * * *
The wight hits you from afar with a +0 trident.
* * * LOW HITPOINT WARNING * * *
Unknown command.
As you read the scroll of teleportation, it crumbles to dust.
You feel strangely unstable. The wight closely misses you.
The wight hits you from afar with a +0 trident!
* * * LOW HITPOINT WARNING * * *
Okay, then.
The wight attacks as it pursues you! The wight barely misses you.
Your surroundings seem slightly different.
You hear Xom's avuncular chuckle.
The wight seems to speed up.
You reach down and open the door.
Found a robe.
Okay, then.
Okay, then.
As you read the scroll of teleportation, it crumbles to dust.
You feel strangely unstable.
You are confused.
You feel invigorated. The wight hits you with a +0 falchion!
You die...
Xom cackles wildly!

######### ## #.......#
... #.......# ....
#.......# [....
#.......#.......#
#.zzz..@'.......#
#.##...z##......#
####†#####+##......#
#..zz..............#
#.......[..........#
#..................#
##...##............#
...##...####'###......#
........##....#########


You could see 4 wights.

Vanquished Creatures
  A sky beast (D:6)
  A black bear (D:7)
  A centaur (D:6)
  A kobold brigand (D:6)
  2 scorpions (D:6)
  A wight (Ossuary)
  A water moccasin zombie (Ossuary)
  2 bullfrog zombies (Ossuary)
  3 centaur zombies (Ossuary)
  A jelly (D:6)
  2 orc priests (D:6)
  Natasha (thrice) (D:2)
  2 orc wizards
  4 adders
  2 ufetubi (D:6)
  An adder zombie (Ossuary)
  2 ribbon worms (D:2)
  A dart slug (D:1)
  13 orcs
  2 ball pythons (D:1)
  6 endoplasms
  3 giant cockroaches
  4 gnoll zombies (Ossuary)
  2 goblins
  6 hobgoblins
  4 jackals (D:2)
  7 kobolds
  A quokka (D:1)
  A bat (D:2)
  A frilled lizard (D:2)
  7 goblin zombies (Ossuary)
  6 hobgoblin zombies (Ossuary)
  3 orc zombies (Ossuary)
  6 rats
103 creatures vanquished.

Vanquished Creatures (collateral kills)
  An orc (D:3)
  An endoplasm (D:3)
2 creatures vanquished.

Grand Total: 105 creatures vanquished

Notes
Turn   | Place    | Note
-------+----------+-------------------------------------------
     0 | D:1      | Xavori the Djinni Chaos Knight began the quest for the Orb.
     0 | D:1      | Reached XP level 1. HP: 20/20 MP: 0/0
   198 | D:1      | Reached XP level 2. HP: 25/25 MP: 0/0
   215 | D:1      | XOM: divination: detect creatures
   462 | D:1      | XOM: stat loss: -1 Str (10/11)
   619 | D:1      | Reached skill level 3 in Long Blades
   799 | D:1      | Reached XP level 3. HP: 24/30 MP: 0/0
   799 | D:1      | Learned a level 1 spell: Apportation
   924 | D:1      | XOM: give mutations
   924 | D:1      | Gained mutation: Your health recovers twice as slowly from
                  | being drained. [Xom's mischief]
   924 | D:1      | Gained mutation: You are robust. (+10% HP) [Xom's mischief]
  1004 | D:2      | Found Urur's Distillery.
  1282 | D:1      | XOM: god gift: 26 gold pieces
  1577 | D:1      | XOM: divination: detect creatures
  1639 | D:1      | XOM: stat loss: -1 Int (12/13)
  1707 | D:1      | XOM: give mutations
  1707 | D:1      | Gained mutation: You are partially covered in iridescent
                  | scales. (AC +2) [Xom's grace]
  1707 | D:1      | Gained mutation: You are mostly covered in iridescent
                  | scales. (AC +4) [Xom's grace]
  1819 | D:1      | XOM: give mutation
  1819 | D:1      | Gained mutation: Your muscles are strong. (Str +4, Int/Dex
                  | -1) [Xom's mischief]
  2106 | D:1      | XOM: silly message
  2688 | D:2      | Bought a potion of heal wounds for 65 gold pieces
  2719 | D:2      | Identified the +2 robe of Fuanij {Archmagi}
  2845 | D:2      | XOM: torment (17/33 hp)
  3012 | D:2      | Found Joiheuwe's Weapon Shop.
  3021 | D:2      | XOM: fog
  3029 | D:2      | Reached XP level 4. HP: 38/38 MP: 0/0
  3116 | D:2      | Noticed Natasha
  3117 | D:2      | Found Wawom's Armour Shop.
  3123 | D:2      | Killed Natasha
  3231 | D:2      | Found Iqism's Assorted Antiques.
  3247 | D:2      | Noticed Natasha
  3286 | D:2      | XOM: summons 1 hostile demon
  3288 | D:2      | XOM: summons 2 friendly demons
  3292 | D:2      | Killed Natasha
  3293 | D:2      | Reached skill level 1 in Spellcasting
  3293 | D:2      | Reached skill level 1 in Conjurations
  3293 | D:2      | Reached skill level 1 in Hexes
  3293 | D:2      | Reached skill level 1 in Summonings
  3293 | D:2      | Reached skill level 1 in Necromancy
  3293 | D:2      | Reached skill level 1 in Translocations
  3293 | D:2      | Reached skill level 1 in Fire Magic
  3293 | D:2      | Reached skill level 1 in Ice Magic
  3293 | D:2      | Reached skill level 1 in Air Magic
  3293 | D:2      | Reached skill level 1 in Earth Magic
  3293 | D:2      | Reached skill level 1 in Alchemy
  3293 | D:2      | Reached XP level 5. HP: 35/44 MP: 0/0
  3293 | D:2      | Learned a level 2 spell: Scorch
  3311 | D:2      | Noticed Natasha
  3322 | D:2      | Killed Natasha
  3436 | D:2      | Found Nuttac's Magic Scroll Boutique.
  3613 | D:2      | XOM: cloud trail
  3634 | D:3      | XOM: summons 2 friendly demons
  3741 | D:3      | XOM: give mutation
  3741 | D:3      | Gained mutation: You sometimes lose your temper in combat.
                  | [Xom's mischief]
  3762 | D:3      | Reached XP level 6. HP: 51/51 MP: 0/0
  3794 | D:3      | Found a glowing golden altar of the Shining One.
  3849 | D:3      | Found a stormy altar of Qazlal.
  3919 | D:2      | Bought a scroll labelled NUNUEMO NOLUMP for 30 gold pieces
  3919 | D:2      | Bought a scroll labelled WIESUUSAORGH for 30 gold pieces
  4860 | D:2      | XOM: give mutations
  4860 | D:2      | Gained mutation: You have a pair of small horns on your
                  | head. [Xom's mischief]
  4860 | D:2      | Gained mutation: You occasionally lose the ability to drink
                  | potions when taking damage. [Xom's mischief]
  5443 | D:2      | XOM: silly message
  5449 | D:2      | XOM: silly message
  5730 | D:2      | XOM: silly message
  6507 | D:3      | You are sucked into a shaft and drop 3 floors!
  6525 | D:6      | XOM: butterfly on damage
  6527 | D:6      | Reached skill level 4 in Long Blades
  6585 | D:6      | Found a staircase to the Ecumenical Temple.
  6596 | D:6      | XOM: silly message
  6627 | D:6      | XOM: 2-stop teleportation journey
  6637 | D:6      | Reached XP level 7. HP: 51/57 MP: 0/0
  6637 | D:6      | Learned a level 3 spell: Dazzling Flash
  6943 | D:6      | Found a sand-covered staircase.
  6961 | Ossuary  | Entered an ossuary
  7006 | Ossuary  | XOM: 1-stop teleportation journey
  7012 | Ossuary  | Reached skill level 5 in Long Blades
  7123 | Ossuary  | Reached XP level 8. HP: 63/63 MP: 0/0
  7137 | Ossuary  | XOM: confusion
  7141 | Ossuary  | XOM: confusion
  7210 | Ossuary  | Noticed a silent spectre
  7441 | D:6      | XOM: chaos upgrade
  7483 | D:6      | XOM: give mutation
  7483 | D:6      | Gained mutation: Armour fits poorly on your strangely
                  | shaped body. [Xom's mischief]
  7536 | D:6      | XOM: give mutations
  7536 | D:6      | Lost mutation: You sometimes lose your temper in combat.
                  | [Xom's mischief]
  7536 | D:6      | Lost mutation: You occasionally lose the ability to drink
                  | potions when taking damage. [Xom's mischief]
  7536 | D:6      | Lost mutation: You have a pair of small horns on your head.
                  | [Xom's mischief]
  7673 | D:6      | XOM: scenery: create altars
  7690 | D:6      | XOM: give mutation
  7690 | D:6      | Gained mutation: You have a pair of small horns on your
                  | head. [Xom's mischief]
  7790 | D:6      | XOM: give mutation
  7790 | D:6      | Lost mutation: Your health recovers twice as slowly from
                  | being drained. [Xom's mischief]
  8003 | D:7      | Noticed a hornet
  8006 | D:7      | XOM: enchant monster (bad)
  8038 | D:7      | XOM: silly message
  8041 | D:7      | XOM: summons friendly ufetubus
  8046 | D:7      | Reached skill level 6 in Long Blades
  8049 | D:7      | HP: 3/63 [wight/+0 trident (8)]
  8052 | D:7      | XOM: enchant monster (bad)
  8055 | D:7      | Slain by a wight

Illustrated notes

Levels and vault maps discovered:
D:1:      dpeg_arrival_boxorama, layout_basic, nicolae_figureground_pulse
D:2:      layout_basic, serial_forest, infiniplex_forest_fountain,
          infiniplex_forest_clump_curved, infiniplex_forest_straight_1,
          infiniplex_forest_clump_cross, infiniplex_forest_clump_small,
          serial_shops, shop, shop, shop, shop, shop, basic_altar,
          dreamdust_mushroom_princess, uniq_natasha
D:3:      layout_loops_ring, mainiacjoe_overflow_brackets,
          nicolae_dithmenos_through_a_glass_darkly, tso_metal_star,
          kennysheep_generic_room_12
D:6:      layout_loops_ring, minmay_temple_entry_mist, enter_ossuary_5
D:7:      layout_gridville, lemuel_crystal_altar, marbit_many_paths, uniq_joseph

Skill      XL: |  1  2  3  4  5  6  7  8 |
---------------+-------------------------+-----
Long Blades    | 3 4 5 6 |  6.1
Armour         | 2 3 |  3.2
Spellcasting   | 1 2 |  2.2
Conjurations   | 1 2 |  2.2
Hexes          | 1 2 |  2.2
Summonings     | 1 2 |  2.2
Necromancy     | 1 2 |  2.2
Translocations | 1 2 |  2.2
Fire Magic     | 1 2 |  2.2
Ice Magic      | 1 2 |  2.2
Air Magic      | 1 2 |  2.2
Earth Magic    | 1 2 |  2.2
Alchemy        | 1 2 |  2.2
Dodging        | 3 4 |  4.9
Fighting       | 4 |  4.8

Action                     |  1- 3 |  4- 6 |  7- 9 || total
---------------------------+-------+-------+-------++-------
  Melee: Falchion          |   118 |   126 |   105 ||   349
         Punch             |       |     2 |     2 ||     4
         Headbutt          |       |     5 |    27 ||    32
         Scimitar          |       |       |    47 ||    47
    Use: Scroll            |       |     3 |     8 ||    11
         Potion            |       |     1 |     3 ||     4
   Stab: Petrified         |     8 |       |       ||     8
         Sleeping          |       |       |     1 ||     1
 Armour: Leather armour    |    65 |    99 |       ||   164
         Robe              |       |       |   128 ||   128
  Dodge: Dodged            |    69 |    94 |   165 ||   328
